 Dungeon Crawl Stone Soup version 0.28.0-53-g5a82cb258f (webtiles) character file.

Game seed: 14416966302246854761

105 Neuros91 the Cudgeller (level 5, -1/41 HPs)
             Began as a Human Fighter on June 16, 2022.
             Slain by Edmund
             ... wielding a +2 flail of protection
              (8 damage)
             ... on level 4 of the Dungeon.
             The game lasted 00:07:47 (2329 turns).

Neuros91 the Cudgeller (Human Fighter)              Turns: 2329, Time: 00:07:47

Health: -1/41      AC: 18    Str: 18    XL:     5   Next: 8%
Magic:  5/5        EV:  5    Int:  8    God:
Gold:   146        SH:  5    Dex: 13    Spells: 4/4 levels left

rFire   + . .      SeeInvis .   e - +2 mace (protect)
rCold   x . .      Faith    .   c - +1 buckler
rNeg    . . .      Spirit   .   f - +0 plate armour
rPois   .          Reflect  .   (no helmet)
rElec   .          Harm     .   (no cloak)
rCorr   .          Rampage  .   (no gloves)
Will    .....                   (no boots)
Stlth   ..........              (no amulet)
HPRegen 0.13/turn               j - ring of fire
MPRegen 0.09/turn               (no ring)

@: mighty, under a protective aura
A: no striking features
a: no special abilities


You were on level 4 of the Dungeon.
You visited 1 branch of the dungeon, and saw 4 of its levels.

You collected 146 gold pieces.

Inventory:

Hand Weapons
 e - a +2 mace of protection (weapon)
Armour
 c - a +1 buckler (worn)
 f - a +0 plate armour (worn)
Jewellery
 j - a ring of fire (left hand)
Wands
 a - a wand of flame (24)
Potions
 b - 2 potions of cancellation {unknown}
 g - 3 potions of haste {unknown}
 h - a potion of berserk rage {unknown}
 i - a potion of degeneration {unknown}
 k - a potion of resistance {unknown}


   Skills:
 - Level 3.0 Fighting
 - Level 3.1 Long Blades
 + Level 3.4 Maces & Flails
 - Level 3.0 Armour
 - Level 3.0 Shields


You had 4 spell levels left.
You didn't know any spells.
Your spell library was empty.

Dungeon Overview and Level Annotations

Branches:
Dungeon (4/15)
 Temple: D:4-7

Altars:

Annotations:
D:4 Edmund


Message History

You barely miss Edmund.
Edmund is lightly wounded.
Edmund hits you but does no damage. x2
You hit Edmund but do no damage.
Edmund is lightly wounded.
Edmund hits you but does no damage.
You sock Edmund!
Edmund is heavily wounded.
Edmund hits you but does no damage.
You hit Edmund.
Edmund is heavily wounded.
Edmund hits you but does no damage.
Edmund hits you with a +2 flail of protection.
An orc comes into view.
It is wielding a +0 hand axe and quivering poisoned darts.
The orc shouts!
You hit Edmund but do no damage.
Edmund is heavily wounded.
You hear an angry hiss.
You hear a shout!
A hound skeleton comes into view.
An orc comes into view. It is wielding a +0 hand axe.
Edmund hits you with a +2 flail of protection.
The orc shouts!
You feel very mighty all of a sudden. You block Edmund's attack.
You sock Edmund!
Edmund is severely wounded.
Edmund hits you with a +2 flail of protection.
An iguana comes into view.
You hit Edmund.
Edmund is severely wounded.
You block Edmund's attack.
You closely miss Edmund.
Edmund is severely wounded.
Edmund hits you with a +2 flail of protection.
Edmund hits you with a +2 flail of protection!
* * * LOW HITPOINT WARNING * * *
You sock Edmund!
Edmund is almost dead.
Edmund hits you with a +2 flail of protection!
You die...

#. . .## ..#
#.# #.# #.#
#@# #@# #o#
#...ogol.....
#.###Z.Z.#.#.
#..#...
##...#[..
#.## .# .# #


You could see Edmund, 3 orcs, a hobgoblin and a hound skeleton.

Vanquished Creatures
  A hound (D:4)
  2 adders (D:2)
  2 dart slugs (D:2)
  A bat (D:2)
  7 endoplasms
  2 giant cockroaches (D:2)
  6 goblins
  5 hobgoblins
  4 quokkas
  4 ball pythons
  3 frilled lizards
  7 kobolds
  6 rats
50 creatures vanquished.

Notes
Turn   | Place    | Note
-------+----------+-------------------------------------------
     0 | D:1      | Neuros91 the Human Fighter began the quest for the Orb.
     0 | D:1      | Reached XP level 1. HP: 18/18 MP: 1/1
   115 | D:1      | Found a faded altar of an unknown god.
   165 | D:1      | Reached XP level 2. HP: 24/24 MP: 2/2
   559 | D:2      | Reached XP level 3. HP: 29/29 MP: 3/3
   651 | D:2      | Reached skill level 1 in Maces & Flails
  1172 | D:2      | Reached XP level 4. HP: 35/35 MP: 4/4
  2295 | D:4      | Noticed Edmund
  2311 | D:4      | Reached XP level 5. HP: 31/41 MP: 5/5
  2329 | D:4      | Slain by Edmund

Illustrated notes

Levels and vault maps discovered:
D:1:      saegor_arrival_simple_b, layout_rooms,
          dreamdust_ecumenical_altar_statues, minmay_tromino_v4_c
D:2:      layout_loops_ring
D:3:      layout_loops_corners
D:4:      layout_loops_ring, lemuel_zombie_altar_kikubaaqudgha,
          trog_butcher_becter, uniq_edmund, uniq_pikel, uniq_duvessa

Skill      XL: |  1  2  3  4 |
---------------+-------------+-----
Long Blades    | 3 |  3.1
Maces & Flails | 2 3 |  3.4
Fighting       | |  3.0
Armour         | |  3.0
Shields        | |  3.0

Action                   |  1- 3 |  4- 6 || total
-------------------------+-------+-------++-------
Melee: Long sword        |    33 |       ||    33
       Mace              |    61 |    69 ||   130
  Use: Scroll            |     4 |     1 ||     5
       Potion            |       |     1 ||     1
Armor: Scale mail        |    28 |       ||    28
       Plate armour      |    30 |    50 ||    80
Dodge: Dodged            |    15 |    17 ||    32
Block: Buckler           |    26 |    14 ||    40
